 Dungeon Crawl Stone Soup version 0.29.1 (webtiles) character file.

Game seed: 2685823157494210607

6057 qw the Cleaver (level 10, -2/88 HPs)
             Began as a Minotaur Berserker on Sept 13, 2022.
             Was a Priest of Trog.
             Slain by a death yak (16 damage)
             ... on level 8 of the Dungeon.
             The game lasted 00:02:25 (8666 turns).

qw the Cleaver (Minotaur Berserker)                 Turns: 8666, Time: 00:02:25

Health: -2/88      AC: 12    Str: 26    XL:     10   Next: 57%
Magic:  9/9        EV: 10    Int:  1    God:    Trog [***...]
Gold:   415        SH: 16    Dex: 16    Spells: 9/9 levels left

rFire   . . .      SeeInvis +   Y - +2 war axe
rCold   . . .      Faith    .   i - +0 kite shield
rNeg    . . .      Spirit   .   m - +0 chain mail
rPois   +          Reflect  +   n - +1 hat
rElec   .          Harm     .   c - scarf {repulsion}
rCorr   .          Rampage  .   (no gloves)
Will    ++...                   b - +0 pair of boots
Stlth   ..........              h - amulet of reflection
HPRegen 0.24/turn               g - ring of see invisible
MPRegen 0.11/turn               f - ring "Uganeg" {Fly rPois Will++ Int-3 Dex+6}

@: on berserk cooldown, flying, slowed, repel missiles, very slow
A: horns 2, retaliatory headbutt
a: Renounce Religion, Berserk, Trog's Hand


You were on level 8 of the Dungeon.
You worshipped Trog.
Trog was most pleased with you.
You visited 1 branch of the dungeon, and saw 8 of its levels.

You collected 442 gold pieces.
You spent 27 gold pieces at shops.


Innate Abilities, Weirdness & Mutations

You have a pair of horns on your head.
You reflexively headbutt those who attack you in melee.


   Skills:
 + Level 7.7 Fighting
 - Level 13.0 Axes
 - Level 1.8 Throwing
 - Level 6.2 Armour
 - Level 5.9 Dodging
 - Level 9.2 Shields


You had 9 spell levels left.
You didn't know any spells.
Your spell library was empty.

Inventory:

Hand Weapons
 s - a +1 flail of holy wrath
 Y - a +2 war axe (weapon)
Missiles
 r - 2 boomerangs (quivered)
Armour
 b - a +0 pair of boots (worn)
 c - a scarf of repulsion (worn)
 e - a +0 cloak
 i - a +0 kite shield (worn)
 j - a +1 scale mail of poison resistance
 m - a +0 chain mail (worn)
 n - a +1 hat (worn)
Jewellery
 f - the ring "Uganeg" (right hand) {Fly rPois Will++ Int-3 Dex+6}
   (You found it on level 7 of the Dungeon)

   [ring of dexterity]

   Int:       It affects your intelligence (-3).
   Dex:       It affects your dexterity (+6).
   rPois:     It protects you from poison.
   Fly:       It grants you flight.
   Will:      It greatly increases your willpower.
 g - a ring of see invisible (left hand)
 h - an amulet of reflection (around neck)
Scrolls
 a - 3 scrolls of teleportation
 d - a scroll of identify
Potions
 k - 3 potions of haste
 l - 2 potions of curing
 o - a potion of resistance {unknown}
 q - a potion of might

Dungeon Overview and Level Annotations

Branches:
Dungeon (8/15)             Temple (0/1) D:4
   Lair: D:8-11

Altars:
Nemelex Xobeh
Trog
Wu Jian

Shops:
D:2 :*(=


Message History

Trog accepts your kill. You block the death yak's attack.
Your Axes skill increases to level 13!
You slash the death yak!
The death yak is lightly wounded.
You block the death yak's attack.
You hit the death yak.
You headbutt the death yak, but do no damage.
The death yak is lightly wounded.
The death yak gores you!! You block the death yak's attack.
You hit the death yak but do no damage.
The death yak is lightly wounded.
You block the death yak's attack. x2
You hit the death yak.
You headbutt the death yak, but do no damage.
The death yak is lightly wounded.
The death yak misses you. You furiously retaliate!
You headbutt the death yak. You hit the death yak.
The death yak is moderately wounded.
The death yak gores you! You block the death yak's attack.
You hit the death yak but do no damage. You headbutt the death yak.
The death yak is moderately wounded.
You block the death yak's attack.
You slash the death yak!
The death yak is moderately wounded.
You block the death yak's attack. The death yak gores you.
You hit the death yak. You headbutt the death yak.
The death yak is moderately wounded.
You block the death yak's attack.
You hit the death yak but do no damage. You headbutt the death yak!
The death yak is heavily wounded.
You block the death yak's attack.
The death yak gores you but does no damage.
You hit the death yak.
The death yak is heavily wounded.
The death yak closely misses you.
You slash the death yak!
The death yak is severely wounded.
The death yak gores you!! The death yak gores you!
You die...

#......... ###
#!####...# ..#
#..# #.###
#.##>.# #.###
#.#..# ##....
#...# #..##. .
##..# #.###.
....#####...# #.#
#.
.....YY@$.#.###
#.# ##
.....######...#
##.# # ... ###.#
#..# . #.####.##
#.#....# #..(####
###
.................
#################
#


You could see a death yak and a yak.

Vanquished Creatures
  A hydra (D:8)
  A two-headed ogre (D:8)
  4 death yaks (D:8)
  Sigmund (D:4)
  Eustachio (D:6)
  A steam dragon (D:6)
  An ice beast (D:6)
  2 sky beasts
  A black bear (D:5)
  3 ogres
  A centaur (D:7)
  A phantom (D:5)
  4 scorpions
  A bullfrog (D:7)
  9 wights
  3 orc priests
  3 hounds
  3 jellies (D:7)
  Natasha (thrice) (D:2)
  Terence (D:2)
  An iguana (D:5)
  5 orc wizards
  7 adders
  A white imp (D:5)
  An ufetubus (D:7)
  3 worms
  2 dart slugs
  24 orcs
  5 ball pythons
  7 bats
  11 endoplasms
  2 giant cockroaches
  8 goblins
  3 hobgoblins
  10 jackals
  6 quokkas
  3 frilled lizards
  2 kobolds
  9 rats
155 creatures vanquished.

Vanquished Creatures (others)
  4 plants (D:4)
4 creatures vanquished.

Grand Total: 159 creatures vanquished

Notes
Turn   | Place    | Note
-------+----------+-------------------------------------------
     0 | D:1      | qw the Minotaur Berserker began the quest for the Orb.
     0 | D:1      | Reached XP level 1. HP: 19/19 MP: 0/0
     0 | D:1      | 0 ||| qw: Version: 0.1-a-119-g272c26d
     0 | D:1      | 0 ||| qw: Game counter: 11213
     0 | D:1      | 0 ||| qw: Always use a shield: true
     0 | D:1      | 0 ||| qw: Do Orc after D:15 true
     0 | D:1      | 0 ||| qw: Do second Lair branch before Depths: true
     0 | D:1      | 0 ||| qw: Lair rune preference: random
     0 | D:1      | 0 ||| qw: Plans: Normal
     0 | D:1      | 0 ||| PLANNING D:1-11
   219 | D:1      | Reached skill level 4 in Axes
   312 | D:1      | 312 ||| INVOKING Berserk.
   316 | D:1      | Reached XP level 2. HP: 26/26 MP: 1/1
   472 | D:1      | Found a faded altar of an unknown god.
   482 | D:1      | 482 ||| Stepping ~*~*~tactically~*~*~ (stealth).
   755 | D:1      | Reached skill level 5 in Axes
   760 | D:1      | Reached XP level 3. HP: 27/31 MP: 2/2
  1285 | D:1      | 1285 ||| UPGRADING to scarf of repulsion.
  1290 | D:1      | 1290 ||| UPGRADING to +0 leather armour.
  1300 | D:1      | 1300 ||| DROPPING +0 animal skin.
  1301 | D:1      | 1301 ||| READING 2 scrolls labelled UMALEA POZEQEL.
  1306 | D:1      | 1306 ||| DRINKING 2 fuming amethyst potions.
  1307 | D:1      | 1307 ||| DRINKING 2 murky coppery potions.
  1308 | D:1      | 1308 ||| DROPPING potion of brilliance.
  1309 | D:1      | 1309 ||| DROPPING potion of flight.
  1533 | D:2      | Found Zyfah's Assorted Antiques.
  1539 | D:2      | 1539 ||| SHOPLISTING broad axe (108 gold, have 44).
  1539 | D:2      | 1539 ||| SHOPLISTING mace (81 gold, have 44).
  1539 | D:2      | 1539 ||| SHOPLISTING ring mail (108 gold, have 44).
  1539 | D:2      | 1539 ||| BUYING scroll labelled OKEQOUCVUI (27 gold).
  1539 | D:2      | Bought a scroll labelled OKEQOUCVUI for 27 gold pieces
  1539 | D:2      | 1539 ||| SHOPLISTING smoky puce potion (24 gold, have 17).
  1546 | D:2      | Reached ** piety under Trog
  1570 | D:2      | 1570 ||| DROPPING +0 club.
  1652 | D:2      | Noticed Terence
  1657 | D:2      | 1657 ||| INVOKING Berserk.
  1662 | D:2      | Killed Terence
  1663 | D:2      | Reached skill level 6 in Axes
  1663 | D:2      | Reached XP level 4. HP: 39/39 MP: 3/3
  1714 | D:2      | Found Beohefet's Book Shoppe.
  1723 | D:2      | 1723 ||| UPGRADING to +0 scale mail.
  1733 | D:2      | 1733 ||| DROPPING +0 leather armour.
  1734 | D:2      | 1734 ||| UPGRADING to +0 kite shield.
  1739 | D:2      | Found Veim's Weapon Shoppe.
  1917 | D:2      | Noticed Natasha
  1918 | D:2      | 1918 ||| Stepping ~*~*~tactically~*~*~ (hiding).
  1924 | D:2      | 1924 ||| INVOKING Berserk.
  1929 | D:2      | Killed Natasha
  1998 | D:2      | Found Saacigef's Jewellery Boutique.
  2006 | D:2      | 2006 ||| SHOPLISTING amulet of regeneration (420 gold, have
                  | 63).
  2006 | D:2      | 2006 ||| SHOPLISTING amulet of the acrobat (420 gold, have
                  | 63).
  2006 | D:2      | 2006 ||| SHOPLISTING ring of positive energy (280 gold,
                  | have 63).
  2006 | D:2      | 2006 ||| SHOPLISTING ring of protection from cold (350
                  | gold, have 63).
  2006 | D:2      | 2006 ||| SHOPLISTING ring of protection from fire (350
                  | gold, have 63).
  2124 | D:2      | Noticed Natasha
  2126 | D:2      | 2126 ||| INVOKING Berserk.
  2128 | D:2      | Killed Natasha
  2129 | D:2      | Reached skill level 3 in Shields
  2129 | D:2      | Reached XP level 5. HP: 45/45 MP: 4/4
  2339 | D:2      | Noticed Natasha
  2340 | D:2      | 2340 ||| Stepping ~*~*~tactically~*~*~ (stealth).
  2343 | D:2      | 2343 ||| INVOKING Berserk.
  2346 | D:2      | Killed Natasha
  2465 | D:2      | 2465 ||| READING 2 scrolls labelled TOACATI HYAZAD.
  2466 | D:2      | 2466 ||| READING scroll labelled OTEX KOUTIHU.
  2467 | D:2      | 2467 ||| READING scroll labelled OKEQOUCVUI.
  2468 | D:2      | 2468 ||| READING scroll labelled GOTWAR POFUEVU.
  2469 | D:2      | 2469 ||| DRINKING 2 amethyst potions.
  2470 | D:2      | 2470 ||| DROPPING scroll of blinking.
  2471 | D:2      | 2471 ||| DROPPING potion of magic.
  2512 | D:3      | 2512 ||| Stepping ~*~*~tactically~*~*~ (stealth).
  2514 | D:3      | 2514 ||| Stepping ~*~*~tactically~*~*~ (stealth).
  2594 | D:3      | 2594 ||| Stepping ~*~*~tactically~*~*~ (stealth).
  2601 | D:3      | 2601 ||| Stepping ~*~*~tactically~*~*~ (stealth).
  2625 | D:3      | 2625 ||| Stepping ~*~*~tactically~*~*~ (hiding).
  2760 | D:3      | 2760 ||| Stepping ~*~*~tactically~*~*~ (stealth).
  2913 | D:3      | 2913 ||| Stepping ~*~*~tactically~*~*~ (stealth).
  2946 | D:3      | 2946 ||| FLEEEEING.
  2947 | D:3      | 2947 ||| FLEEEEING.
  2977 | D:3      | 2977 ||| SWAPPING to +0 war axe.
  2978 | D:3      | 2978 ||| DROPPING +0 hand axe.
  2987 | D:3      | 2987 ||| INVOKING Berserk.
  3138 | D:3      | Identified the +9 dagger of Currency {drain, Fly Will-
                  | Str+3 Int+4}
  3389 | D:3      | 3389 ||| UPGRADING to +0 pair of boots.
  3394 | D:3      | 3394 ||| UPGRADING to +1 scale mail of poison resistance.
  3404 | D:3      | 3404 ||| DROPPING +0 scale mail.
  3405 | D:3      | 3405 ||| DRINKING 2 red potions.
  3437 | D:4      | Reached XP level 6. HP: 51/51 MP: 5/5
  3506 | D:4      | Found a staircase to the Ecumenical Temple.
  3690 | D:4      | Noticed Sigmund
  3693 | D:4      | 3693 ||| INVOKING Berserk.
  3697 | D:4      | Killed Sigmund
  3698 | D:4      | Reached skill level 7 in Axes
  3823 | D:4      | Found an ornate altar of the Wu Jian Council.
  3864 | D:4      | 3864 ||| Stepping ~*~*~tactically~*~*~ (stealth).
  3876 | D:4      | 3876 ||| Stepping ~*~*~tactically~*~*~ (stealth).
  3998 | D:4      | Reached *** piety under Trog
  4066 | D:4      | Reached XP level 7. HP: 59/59 MP: 6/6
  4466 | D:4      | 4466 ||| UPGRADING to +1 hat.
  4471 | D:4      | 4471 ||| READING scroll labelled TUFEXK KOESS.
  4472 | D:4      | 4472 ||| DRINKING 4 silvery potions.
  4491 | D:5      | Entered Level 5 of the Dungeon
  4509 | D:5      | Reached skill level 8 in Axes
  4623 | D:5      | 4623 ||| INVOKING Berserk.
  4890 | D:5      | Reached skill level 6 in Shields
  4950 | D:5      | 4950 ||| INVOKING Berserk.
  4959 | D:5      | Reached skill level 9 in Axes
  5103 | D:5      | 5103 ||| INVOKING Berserk.
  5255 | D:5      | 5255 ||| DROPPING +0 flail.
  5309 | D:5      | Found a bloodstained altar of Trog.
  5536 | D:5      | 5536 ||| INVOKING Berserk.
  5539 | D:5      | Reached XP level 8. HP: 69/69 MP: 7/7
  5860 | D:5      | 5860 ||| READING scroll labelled FUSUPAZUYM.
  5861 | D:5      | 5861 ||| READING scroll labelled KASHRO XOESE.
  5962 | D:5      | 5962 ||| DRINKING 2 glowing emerald potions.
  6006 | D:5      | 6006 ||| DROPPING potion of lignification.
  6018 | D:6      | 6018 ||| STAIRDANCE
  6125 | D:6      | 6125 ||| STAIRDANCE
  6181 | D:6      | 6181 ||| STAIRDANCE
  6232 | D:6      | 6232 ||| FLEEEEING.
  6233 | D:6      | 6233 ||| STAIRDANCE
  6282 | D:6      | 6282 ||| INVOKING Berserk.
  6299 | D:6      | Reached skill level 10 in Axes
  6388 | D:6      | Reached skill level 1 in Throwing
  6426 | D:6      | 6426 ||| Stepping ~*~*~tactically~*~*~ (cloud).
  6427 | D:6      | 6427 ||| INVOKING Berserk.
  6430 | D:6      | Reached skill level 6 in Fighting
  6701 | D:6      | Found a sparkling altar of Nemelex Xobeh.
  6706 | D:6      | 6706 ||| INVOKING Berserk.
  6960 | D:6      | Noticed Eustachio
  6961 | D:6      | 6961 ||| Stepping ~*~*~tactically~*~*~ (hiding).
  6965 | D:6      | 6965 ||| INVOKING Berserk.
  6980 | D:6      | Killed Eustachio
  7208 | D:6      | Reached skill level 11 in Axes
  7208 | D:6      | Reached XP level 9. HP: 77/77 MP: 8/8
  7284 | D:6      | 7284 ||| UPGRADING to ring of see invisible.
  7285 | D:6      | 7285 ||| READING scroll labelled MIGUYCIUMMY.
  7286 | D:6      | 7286 ||| DRINKING 2 sapphire potions.
  7287 | D:6      | 7287 ||| DRINKING 2 coppery potions.
  7288 | D:6      | 7288 ||| READING 2 scrolls of identify.
  7288 | D:6      | 7288 ||| IDENTIFYING fizzy white potion
  7289 | D:6      | 7289 ||| DROPPING potion of degeneration.
  7343 | D:7      | Identified the ring "Uganeg" {Fly rPois Will++ Int-3 Dex+6}
  7422 | D:7      | 7422 ||| INVOKING Berserk.
  7508 | D:7      | 7508 ||| INVOKING Berserk.
  7521 | D:7      | Reached skill level 3 in Armour
  7684 | D:7      | 7684 ||| Stepping ~*~*~tactically~*~*~ (stealth).
  7759 | D:7      | 7759 ||| INVOKING Berserk.
  8118 | D:7      | 8118 ||| UPGRADING to amulet of reflection.
  8123 | D:7      | 8123 ||| UPGRADING to ring "Uganeg" {Fly rPois Will++ Int-3
                  | Dex+6}.
  8124 | D:7      | 8124 ||| UPGRADING to +0 chain mail.
  8182 | D:8      | Noticed a two-headed ogre
  8186 | D:8      | 8186 ||| INVOKING Berserk.
  8190 | D:8      | Killed a two-headed ogre
  8271 | D:8      | 8271 ||| READING scroll of enchant weapon.
  8271 | D:8      | 8271 ||| ENCHANTING +1 war axe.
  8318 | D:8      | Noticed a death yak
  8318 | D:8      | Noticed a six-headed hydra
  8321 | D:8      | 8321 ||| SWAPPING to +1 flail of holy wrath.
  8322 | D:8      | 8322 ||| INVOKING Berserk.
  8325 | D:8      | Noticed a death yak
  8328 | D:8      | Killed a six-headed hydra
  8329 | D:8      | Reached skill level 6 in Armour
  8329 | D:8      | Noticed a death yak
  8330 | D:8      | Noticed a death yak
  8332 | D:8      | Noticed a death yak
  8333 | D:8      | Killed a death yak
  8334 | D:8      | Reached skill level 12 in Axes
  8334 | D:8      | Reached XP level 10. HP: 42/84 MP: 9/9
  8336 | D:8      | HP: 25/126 [death yak (10)]
  8340 | D:8      | 8340 ||| READING 4 scrolls of teleportation.
  8340 | D:8      | HP: 12/84 [death yak (5)]
  8341 | D:8      | 8341 ||| DRINKING potion of heal wounds.
  8342 | D:8      | 8342 ||| SWAPPING to +2 war axe.
  8631 | D:8      | 8631 ||| INVOKING Berserk.
  8638 | D:8      | Killed a death yak
  8645 | D:8      | Killed a death yak
  8646 | D:8      | Reached skill level 9 in Shields
  8655 | D:8      | Killed a death yak
  8656 | D:8      | Reached skill level 13 in Axes
  8666 | D:8      | HP: 14/88 [death yak (18)]
  8666 | D:8      | Slain by a death yak

Levels and vault maps discovered:
D:1:      heliophobic_arrival_glass_houses, layout_loops_ring,
          basic_ecumenical_altar, minivault_24, nicolae_wormholes
D:2:      layout_basic, serial_shops, nicolae_diamond_shop,
          nicolae_shop_crystal, shop, nicolae_shop_bloodbath_and_beyond,
          minmay_mini_jars, uniq_natasha, uniq_terence
D:3:      layout_basic, nicolae_titane
D:4:      layout_loops_corners, nzn_wu_jian_contemplation,
          minmay_temple_entry_wispy, serial_bayou_pond_d, uniq_sigmund
D:5:      layout_basic, trog_butcher_becter
D:6:      layout_loops_cross, nemelex_dance_club_becter, uniq_eustachio
D:7:      layout_basic
D:8:      layout_rooms, mainiacjoe_overflow_cross_hatched, dpeg_lair_monsters

Skill      XL: |  1  2  3  4  5  6  7  8  9 10 |
---------------+-------------------------------+-----
Axes           | 4 5 6 7 9 11 12 13 | 13.0
Shields        | 3 4 5 6 7 8 9 |  9.2
Fighting       | 4 5 6 7 |  7.7
Throwing       | 1 |  1.8
Armour         | 6 |  6.2
Dodging        | 5 |  5.9

Action                   |  1- 3 |  4- 6 |  7- 9 | 10-12 || total
-------------------------+-------+-------+-------+-------++-------
Melee: Hand axe          |    81 |    78 |       |       ||   159
       Headbutt          |    12 |    15 |    25 |    11 ||    63
       Punch             |     1 |       |       |       ||     1
       War axe           |       |    49 |   147 |    35 ||   231
       Flail             |       |       |    11 |     5 ||    16
Throw: Boomerang         |       |       |    33 |     3 ||    36
Invok: Berserk           |     2 |     5 |    13 |     1 ||    21
  Use: Potion            |     2 |     2 |     4 |     1 ||     9
       Scroll            |     1 |     4 |     6 |     1 ||    12
Armor: Animal skin       |     9 |       |       |       ||     9
       Leather armour    |     6 |       |       |       ||     6
       Scale mail        |       |    41 |    37 |       ||    78
       Chain mail        |       |       |     6 |     5 ||    11
Dodge: Dodged            |    38 |    30 |    38 |     3 ||   109
       Repelled          |       |     1 |     1 |       ||     2
Block: Kite shield       |       |    40 |    65 |    27 ||   132
       Reflection        |       |       |     1 |       ||     1

Table legend:
 A = Non-vault XP
 B = Vault XP
 C = Vault XP percentage of total XP
 D = Non-vault monster count
 E = Vault monster count
 F = Vault count percentage of total count
                 A         B        C        D         E       F
            +---------+---------+-------+---------+---------+-------
      Total |    4807 |    3847 |  44.5 |     130 |      25 |  16.1
            +---------+---------+-------+---------+---------+-------
        D:1 |      43 |       5 |  10.4 |      26 |       1 |   3.7
        D:2 |     107 |      94 |  46.8 |      18 |      12 |  40.0
        D:3 |     128 |       0 |   0.0 |      17 |       0 |   0.0
        D:4 |     154 |     214 |  58.2 |      17 |       1 |   5.6
        D:5 |    1080 |       9 |   0.8 |      19 |       4 |  17.4
        D:6 |     685 |     315 |  31.5 |      13 |       3 |  18.8
        D:7 |     829 |       0 |   0.0 |      13 |       0 |   0.0
        D:8 |    1781 |    3210 |  64.3 |       7 |       4 |  36.4
            +---------+---------+-------+---------+---------+-------
